 Dungeon Crawl Stone Soup version 0.27-a0-1220-g54dba09ff7 (webtiles) character file.

Game seed: 15909942763477594031

2883 Delamore the Spear-Bearer (level 10, -9/81 HPs)
             Began as a Formicid Fighter on June 7, 2021.
             Was an Initiate of Gozag.
             Mangled by a two-headed ogre
             ... wielding a +0 giant club
              (30 damage)
             ... on level 9 of the Dungeon.
             The game lasted 00:12:27 (9647 turns).

Delamore the Spear-Bearer (Formicid Fighter)        Turns: 9647, Time: 00:12:27

Health: -9/81      AC: 11    Str: 24    XL:     10   Next: 5%
Magic:  10/10      EV:  8    Int:  8    God:    Gozag
Gold:   616        SH: 11    Dex: 10    Spells: 9/9 levels left

rFire    + . .     SeeInvis +   l - +1 spear (flame)
rCold    . . .     Faith    .   c - +1 kite shield
rNeg     + . .     Spirit   .   b - +0 scale mail
rPois    .         Reflect  .   (helmet unavailable)
rElec    .         Harm     .   n - +0 cloak
rCorr    .         Rampage  .   x - +2 pair of gloves
Will     +....                  (no boots)
Stlth    ..........             (no amulet)
HPRegen  0.23/turn              i - ring of protection from fire
MPRegen  0.12/turn              k - ring of positive energy

@: no status effects
A: permanent stasis, dig shafts and tunnels, antennae 3, four strong arms
a: Dig, Shaft Self, Renounce Religion, Potion Petition, Call Merchant, Bribe
Branch


You were on level 9 of the Dungeon.
You worshipped Gozag.
Gozag was pleased with you.
You visited 2 branches of the dungeon, and saw 9 of its levels.

You collected 738 gold pieces.
You spent 57 gold pieces at shops.
You paid 65 gold pieces to Gozag.

Inventory:

Hand Weapons
 a - a +0 trident
 l - a +1 spear of flaming (weapon)
 y - a +4 halberd
Missiles
 s - 4 boomerangs (quivered)
 A - 8 poisoned darts
 B - 5 boomerangs of dispersal
 C - a curare-tipped dart
Armour
 b - a +0 scale mail (worn)
 c - a +1 kite shield (worn)
 n - a +0 cloak (worn)
 q - a +1 pair of gloves
 x - a +2 pair of gloves (worn)
Jewellery
 i - a ring of protection from fire (left hand)
 k - a ring of positive energy (right hand)
Wands
 t - a wand of flame (52)
 w - a wand of digging (5)
Scrolls
 z - a scroll of amnesia
 D - a scroll of magic mapping
Potions
 d - 2 potions of might
 e - a potion of magic
 f - a potion of flight
 g - a potion of ambrosia
 h - 3 potions of degeneration
 j - a potion of lignification {unknown}
 m - 2 potions of haste {unknown}
 o - 6 potions of curing
 p - 2 potions of brilliance {unknown}
 r - a potion of heal wounds {unknown}
 u - a potion of berserk rage {unknown}
 v - a potion of attraction {unknown}


   Skills:
 - Level 8.3 Fighting
 * Level 12.9 Polearms
 + Level 1.9 Throwing
 - Level 3.2 Armour
 + Level 4.5 Shields


You had 9 spell levels left.
You didn't know any spells.
Your spell library contained the following spells:

 Spells                   Type           Power      Damage    Failure   Level
 Shock                    Conj/Air       0%         1d3       95%         1
 Static Discharge         Conj/Air       0%         N/A       99%         2
 Airstrike                Air            0%         N/A       100%        4
 Bolt of Magma            Conj/Fire/Erth 0%         4d4       100%        5
 Iskenderun's Battlesphe  Conj           0%         2d6       100%        5
 Lightning Bolt           Conj/Air       0%         1d11      100%        5
 Iron Shot                Conj/Erth      0%         9d1       100%        6
 Orb of Destruction       Conj           0%         N/A       100%        7
 Spellforged Servitor     Conj/Summ      0%         N/A       100%        7
 Swiftness                Air            Unusable   N/A       N/A         3

Dungeon Overview and Level Annotations

Branches:
Dungeon (7/15)             Temple (1/1) D:5

Altars:
Ashenzari
Cheibriados
Gozag
Hepliaklqana
Kikubaaqudgha
Makhleb
Nemelex Xobeh
Qazlal
Sif Muna
Trog
Uskayaw
Vehumet
Wu Jian
Xom
Yredelemnul
Zin
The Shining One

Shops:
D:5 *


Innate Abilities, Weirdness & Mutations

You cannot be hasted, slowed, berserked, paralysed or teleported.
You can dig through walls and to a lower floor.
You have a pair of large antennae on your head. (SInv)
Your four strong arms can wield two-handed weapons with a shield.


Message History

You hit the two-headed ogre. You burn the two-headed ogre.
The two-headed ogre is lightly wounded.
You hit the two-headed ogre but do no damage.
The two-headed ogre is lightly wounded.
You block the two-headed ogre's attack. x2
You hit the two-headed ogre but do no damage.
The two-headed ogre is lightly wounded.
You hit the two-headed ogre. You burn the two-headed ogre.
The two-headed ogre is moderately wounded.
You block the two-headed ogre's attack. The two-headed ogre closely misses you.
You hit the two-headed ogre. You burn the two-headed ogre.
The two-headed ogre is heavily wounded.
You completely miss the two-headed ogre.
The two-headed ogre is heavily wounded.
The two-headed ogre closely misses you. You block the two-headed ogre's attack.
You hit the two-headed ogre but do no damage.
The two-headed ogre is heavily wounded.
You puncture the two-headed ogre! You burn the two-headed ogre.
The two-headed ogre is heavily wounded.
The two-headed ogre barely misses you. You block the two-headed ogre's attack.
You hit the two-headed ogre. You burn the two-headed ogre.
The two-headed ogre is severely wounded.
You hit the two-headed ogre but do no damage.
The two-headed ogre is severely wounded.
The two-headed ogre closely misses you.
The two-headed ogre hits you with a +0 giant club!!
You barely miss the two-headed ogre.
The two-headed ogre is severely wounded.
You hit the two-headed ogre. You burn the two-headed ogre.
The two-headed ogre is almost dead.
You block the two-headed ogre's attack.
The two-headed ogre hits you with a +0 giant club!!
* * * LOW HITPOINT WARNING * * *
You hit the two-headed ogre but do no damage.
The two-headed ogre is severely wounded.
You hit the two-headed ogre but do no damage.
The two-headed ogre is severely wounded.
The two-headed ogre hits you with a +0 giant club!!
You die...
Your body crumbles into a pile of gold.

#....##.##......##
##.......##......##.
##.##....##.........
#..........#.........
##..#......#..#####...
#. #..###...##(((##..
#....$###...#(#(#.#.
#.........O?#((#..#.
##.#......@.#(#.#.#.
###.$......##...##.
#......#.###.###.
#......#.#.###.#
##.......#.....#
#..... .# ._.# #.>....
.. ..# ....... .. $


You could see a two-headed ogre and 8 dancing weapons.

Vanquished Creatures
  A meliai zombie (D:6)
  Sigmund (D:2)
  2 vampires
  Menkaure (D:4)
  A water moccasin (D:5)
  2 ice beasts (D:6)
  A sky beast (D:7)
  An orc warrior (D:7)
  2 black bears
  2 ogres
  2 phantoms
  3 centaurs (D:6)
  A kobold brigand (D:7)
  A bullfrog (D:6)
  2 scorpions
  A wyvern skeleton (D:5)
  A water moccasin skeleton (D:4)
  10 wights
  An electric eel (D:6)
  2 hounds (D:5)
  A bullfrog skeleton (D:5)
  A gnoll shaman (D:6)
  2 iguanas
  2 centaur skeletons (D:7)
  Crazy Yiuf (D:3)
  Natasha (thrice) (D:4)
  4 orc wizards
  A hound skeleton (D:5)
  Robin (D:2)
  2 howler monkey skeletons
  3 gnolls (D:6)
  12 adders
  3 shadow imps
  2 white imps
  4 ufetubi
  An adder skeleton (D:4)
  A worm (D:2)
  A dart slug (D:1)
  12 orcs
  4 ball pythons
  4 bats
  8 endoplasms
  A giant cockroach (D:3)
  14 goblins
  9 hobgoblins
  5 jackals
  3 quokkas
  3 frilled lizards
  10 kobolds
  2 rats (D:3)
158 creatures vanquished.

Vanquished Creatures (others)
  26 plants
26 creatures vanquished.

Grand Total: 184 creatures vanquished

Notes
Turn   | Place    | Note
-------+----------+-------------------------------------------
     0 | D:1      | Delamore the Formicid Fighter began the quest for the Orb.
     0 | D:1      | Reached XP level 1. HP: 18/18 MP: 1/1
   129 | D:1      | Reached XP level 2. HP: 24/24 MP: 2/2
   195 | D:1      | You fall into a shaft and drop 1 floor!
   485 | D:1      | Found a faded altar of an unknown god.
   492 | D:1      | Reached XP level 3. HP: 29/30 MP: 3/3
   499 | D:1      | Became a worshipper of Yredelemnul the Dark
   499 | D:1      | Reached * piety under Yredelemnul
   622 | D:1      | Reached skill level 3 in Polearms
  1185 | D:2      | Noticed Robin
  1447 | D:2      | Killed Robin
  1490 | D:2      | Reached XP level 4. HP: 31/37 MP: 4/4
  1620 | D:2      | Reached skill level 10 in Polearms
  1620 | D:2      | Reached XP level 5. HP: 50/50 MP: 5/5
  1631 | D:2      | Noticed Sigmund
  1927 | D:2      | Killed Sigmund
  1928 | D:2      | Reached XP level 6. HP: 30/57 MP: 6/6
  2610 | D:3      | Reached ** piety under Yredelemnul
  3477 | D:3      | Found a runed translucent door.
  3478 | D:3      | Noticed Crazy Yiuf
  3489 | D:3      | Killed Crazy Yiuf
  3490 | D:3      | Reached XP level 7. HP: 43/63 MP: 4/7
  3648 | D:4      | Found an ornate altar of the Wu Jian Council.
  3956 | D:4      | Noticed Natasha
  3960 | D:4      | Killed Natasha
  4062 | D:4      | Noticed Natasha
  4072 | D:4      | Killed Natasha
  4086 | D:4      | Noticed Natasha
  4099 | D:4      | Killed Natasha
  4234 | D:4      | Reached skill level 11 in Polearms
  4612 | D:5      | Entered Level 5 of the Dungeon
  4612 | D:5      | Noticed Menkaure
  4619 | D:4      | Killed Menkaure
  4620 | D:4      | Reached XP level 8. HP: 64/69 MP: 8/8
  5169 | D:5      | Found Xoesuroun's Assorted Antiques.
  5208 | D:5      | Bought a glowing red potion for 18 gold pieces
  5208 | D:5      | Bought a bubbling sapphire potion for 18 gold pieces
  5208 | D:5      | Bought a scroll labelled NAIWOH TAGEO for 21 gold pieces
  5285 | D:5      | Found a staircase to the Ecumenical Temple.
  5328 | Temple   | Entered the Ecumenical Temple
  5524 | Temple   | Fell from the grace of Yredelemnul
  5524 | Temple   | Became a worshipper of Gozag Ym Sagoz the Greedy
  5744 | D:5      | Reached skill level 12 in Polearms
  5769 | D:5      | Reached XP level 9. HP: 68/75 MP: 9/9
  5856 | D:5      | Found a sparkling altar of Nemelex Xobeh.
  8066 | D:6      | Found an ancient bone altar of Kikubaaqudgha.
  8202 | D:6      | Reached skill level 1 in Throwing
  8498 | D:5      | Noticed a phantasmal warrior
  8512 | D:5      | HP: 1/75 [phantasmal warrior[the anger of Yredelemnul]
                  | (28)]
  8513 | D:5      | You fall into a shaft and drop 1 floor!
  9046 | D:7      | Found a broken altar of Ashenzari.
  9051 | D:7      | Noticed a phantasmal warrior
  9406 | D:7      | Found a shimmering altar of Xom.
  9406 | D:7      | Found a shimmering altar of Xom.
  9421 | D:7      | Found a shimmering altar of Xom.
  9423 | D:7      | Found a shimmering altar of Xom.
  9461 | D:7      | Found a shimmering altar of Xom.
  9480 | D:7      | Reached XP level 10. HP: 81/81 MP: 10/10
  9593 | D:7      | Was forgiven by Yredelemnul
  9594 | D:7      | Noticed a phantasmal warrior
  9598 | D:7      | You fall into a shaft and drop 2 floors!
  9599 | D:9      | Noticed a +0 falchion
  9599 | D:9      | Noticed a +0 falchion
  9600 | D:9      | Noticed a +0 dagger
  9600 | D:9      | Noticed a +0 short sword
  9600 | D:9      | Noticed a +0 short sword
  9600 | D:9      | Noticed a +0 spear
  9615 | D:9      | Noticed a +0 spear
  9616 | D:9      | Noticed a +0 dagger
  9620 | D:9      | Found a hide-covered altar of Uskayaw.
  9620 | D:9      | Noticed a two-headed ogre
  9647 | D:9      | Mangled by a two-headed ogre

Illustrated notes

Levels and vault maps discovered:
D:1:      lightli_arrival_statue_moat, layout_loops_corners,
          basic_ecumenical_altar, hangedman_decor_points
D:2:      layout_basic, minivault_14, uniq_sigmund, uniq_robin
D:3:      layout_basic, uniq_crazy_yiuf_cottage
D:4:      layout_basic, nicolae_wu_jian_immortal_techniques,
          minmay_starry_boxes, uniq_natasha
D:5:      layout_basic, old_standard_altar, minmay_temple_entry_trees,
          serial_shops, nicolae_shop_overgrown_old_shop,
          minmay_increasing_density, uniq_menkaure
D:6:      layout_loops_ring, kennysheep_little_box, serial_bayou_lake_a
D:7:      layout_rooms, nicolae_ashenzari_skybound, xom_redecorated
D:9:      layout_cave_pools, nicolae_uskayaw_en_pointe
Temple:   oiseaux_autumnal_temple

Skill      XL: |  1  2  3  4  5  6  7  8  9 |
---------------+----------------------------+-----
Polearms       | 3 10 11 12 | 12.9
Fighting       | 8 |  8.3
Throwing       | 1 |  1.9
Shields        | 4 |  4.5
Armour         | |  3.2

Action                   |  1- 3 |  4- 6 |  7- 9 | 10-12 || total
-------------------------+-------+-------+-------+-------++-------
Melee: Trident           |    93 |       |       |       ||    93
       Spear             |     8 |    99 |   530 |    56 ||   693
 Abil: Dig               |     2 |     1 |    14 |       ||    17
       Shaft Self        |       |       |     1 |     1 ||     2
Evoke: Wand              |       |       |       |     1 ||     1
  Use: Scroll            |       |     7 |    10 |       ||    17
       Potion            |       |     1 |       |       ||     1
Armor: Scale mail        |    39 |    19 |   122 |    17 ||   197
Dodge: Dodged            |    34 |    24 |    84 |    15 ||   157
Block: Kite shield       |    65 |    22 |   142 |    24 ||   253

Table legend: (Time is in decaauts)
 A = Elapsed time spent in this place.
 B = Non-inter-level travel time spent in this place.
 C = Inter-level travel time spent in this place.
 D = Time resting spent in this place.
 E = Time spent auto-exploring this place.
 F = Levels seen in this place.
 G = Mean time per level.
                   A        B        C        D        E       F      G
               +--------+--------+--------+--------+--------+-----+--------+
         Total |   9540 |   9265 |    275 |   2289 |   5569 |   9 | 1060.0 |
       Dungeon |   9301 |   9095 |    206 |   2289 |   5402 |   8 | 1162.6 |
        Temple |    238 |    169 |     69 |      0 |    167 |   1 |  238.0 |
               +--------+--------+--------+--------+--------+-----+--------+

Top non-repeatable levels by time:
     D:6: 2181 daAuts
     D:5: 1721 daAuts
     D:1: 1520 daAuts
     D:2: 1103 daAuts
     D:3: 1019 daAuts
     D:4: 1015 daAuts
     D:7: 697 daAuts
  Temple: 238 daAuts
     D:9: 42 daAuts
